 Dungeon Sprint DCSS version 0.30.1-6-gbe392663c4 (webtiles) character file.

Game seed: 8539402876527976448

6478 Heoruswealwe the Phalangite (level 10, -2/107 HPs)
             Began as a Minotaur Fighter on Sept 20, 2023.
             Was a High Priest of the Shining One.
             Slain by an 18-headed hydra (4 damage)
             ... while petrified by a catoblepas
             ... in the Dungeon (Sprint IX: "|||||||||||||||||||||||||||||").
             The game lasted 00:10:21 (1051 turns).

Heoruswealwe the Phalangite (Minotaur Fighter)      Turns: 1051, Time: 00:10:23

Health: -2/107     AC: 18    Str: 27    XL:     10   Next: 68%
Magic:  9/9        EV:  2    Int:  5    God:    the Shining One [*****.]
Gold:   14         SH:  0    Dex: 11    Spells: 9/9 levels left

rFire   . . .        b - +2 halberd (venom)
rCold   . . .        (shield currently unavailable)
rNeg    + + +        c - +0 chain mail
rPois   ∞            (helmet restricted)
rElec   .            h - +0 cloak
rCorr   .            f - +0 pair of gloves
SInv    .            e - +0 pair of boots
Will    .....        (no amulet) Stlth
                     k - +3 ring of strength
HPRegen 0.37/turn    j - +2 ring of evasion
MPRegen 0.11/turn

%: no teleportation
@: petrified, glowing
A: horns 2, retaliatory headbutt
a: Renounce Religion, Divine Shield, Cleansing Flame, Summon Divine Warrior


You were in the Dungeon.
You worshipped the Shining One.
The Shining One was extremely pleased with you.
You visited 1 branch You collected 14 gold pieces.

Inventory:

Hand Weapons
 a - a +0 trident
 b - a +2 halberd of venom (weapon)
Armour
 c - a +0 chain mail (worn)
 d - a +0 buckler
 e - a +0 pair of boots (worn)
 f - a +0 pair of gloves (worn)
 h - a +0 cloak (worn)
Jewellery
 j - a +2 ring of evasion (right hand)
 k - a +3 ring of strength (left hand)
Wands
 l - a wand of iceblast (10)
Scrolls
 o - 3 scrolls of blinking
 r - 2 scrolls of enchant weapon
 s - 2 scrolls of enchant armour
Potions
 g - 2 potions of haste
 i - a potion of berserk rage
 m - 5 potions of curing
 n - a potion of might
 p - a potion of mutation
 q - a potion of heal wounds


   Skills:
 + Level 15.7 Fighting
 * Level 21.2 Polearms
 + Level 15.7 Armour
 - Level 3.6 Shields


You had 9 spell levels left.
You didn't know any spells.
Your spell library was empty.

Dungeon Overview and Level Annotations

Branches:
Dungeon (1/1)

Altars:
Cheibriados
Dithmenos
Elyvilon
Fedhas
Gozag
Hepliaklqana
Kikubaaqudgha
Makhleb
Nemelex Xobeh
Okawaru
Qazlal
Ru
Sif Muna
Trog
Uskayaw
Vehumet
Wu Jian
Xom
Yredelemnul
Zin
The Shining One
Jiyva
Lugonu


Innate Abilities, Weirdness & Mutations

You have a pair of horns on your head.
You reflexively headbutt those who attack you in melee.


Message History

The 18-headed hydra bites you but does no damage. x2
The 18-headed hydra bites you.
* * * LOW HITPOINT WARNING * * *
The 18-headed hydra bites you but does no damage. x2
The 18-headed hydra bites you.
* * * LOW HITPOINT WARNING * * *
The 18-headed hydra bites you but does no damage.
The 18-headed hydra bites you!
* * * LOW HITPOINT WARNING * * *
The 18-headed hydra bites you but does no damage. x4
The 18-headed hydra bites you!
* * * LOW HITPOINT WARNING * * *
The 18-headed hydra bites you but does no damage.
The 18-headed hydra bites you.
The 18-headed hydra bites you but does no damage. x3
The 18-headed hydra barely misses you.
The 18-headed hydra bites you but does no damage. x3
The 18-headed hydra bites you.
* * * LOW HITPOINT WARNING * * *
The 18-headed hydra bites you but does no damage. x2
The 18-headed hydra bites you.
* * * LOW HITPOINT WARNING * * *
The 18-headed hydra bites you.
* * * LOW HITPOINT WARNING * * *
The 18-headed hydra bites you but does no damage.
The 18-headed hydra bites you.
* * * LOW HITPOINT WARNING * * *
The 18-headed hydra bites you but does no damage. x2
The 18-headed hydra bites you. The 18-headed hydra bites you!
* * * LOW HITPOINT WARNING * * *
The 18-headed hydra barely misses you. The 18-headed hydra bites you.
* * * LOW HITPOINT WARNING * * *
The 18-headed hydra bites you but does no damage.
The 18-headed hydra bites you but does no damage.
The 18-headed hydra bites you.
* * * LOW HITPOINT WARNING * * *
The 18-headed hydra bites you!
* * * LOW HITPOINT WARNING * * *
The 18-headed hydra bites you!
You die...

▓.▓.▓_▓
▓.▓.▓_▓
▓.▓.▓_▓
▓.▓.▓_▓
▓.▓.▓_▓
▓.▓.▓_▓
▓.▓.▓_▓
▓.▓.▓_▓
▓@▓.▓_▓
▓D▓.▓_▓
▓Y▓.▓_▓
▓h▓.▓_▓
▓l▓.▓_▓
▓S▓.▓_▓
▓S▓.▓_▓
▓.▓.▓_▓
▓.▓_▓


You could see a catoblepas, a 18-headed hydra (poisoned), a polar bear
(petrified), a black mamba, a basilisk and a water moccasin.

Vanquished Creatures
  A catoblepas (D)
  2 centaur warriors (D)
  2 two-headed ogres (D)
  A boulder beetle (D)
  A death yak (D)
  2 cane toads (D)
  2 rime drakes (D)
  A basilisk (D)
  2 yaks (D)
  A vampire mosquito (D)
  4 water moccasins (D)
  An orc warrior (D)
  2 bullfrogs (D)
  A scorpion (D)
  2 sleepcaps (D)
  2 orc wizards (D)
  A dart slug (D)
  An orc (D)
  A bat (D)
  An endoplasm (D)
  A frilled lizard (D)
  A goblin (D)
  A rat (D)
34 creatures vanquished.

Notes
Turn   | Place    | Note
-------+----------+-------------------------------------------
     0 | D        | Heoruswealwe the Minotaur Fighter began the quest for the
                  | Orb.
     0 | D        | Reached XP level 1. HP: 19/19 MP: 0/0
     6 | D        | Reached skill level 3 in Polearms
    38 | D        | Noticed a sleepcap
    38 | D        | Noticed a scorpion
    38 | D        | Noticed a sleepcap
    41 | D        | Reached skill level 4 in Polearms
    43 | D        | Killed a sleepcap
    44 | D        | Reached skill level 5 in Fighting
    44 | D        | Reached skill level 5 in Polearms
    44 | D        | Reached skill level 5 in Armour
    44 | D        | Reached XP level 2. HP: 27/29 MP: 1/1
    44 | D        | Reached XP level 3. HP: 33/36 MP: 2/2
    50 | D        | Killed a scorpion
    51 | D        | Reached skill level 7 in Polearms
    51 | D        | Reached XP level 4. HP: 16/45 MP: 3/3
    60 | D        | Reached skill level 8 in Polearms
   175 | D        | Found a snail-covered altar of Cheibriados.
   175 | D        | Found a shadowy altar of Dithmenos.
   175 | D        | Found a white marble altar of Elyvilon.
   175 | D        | Found a blossoming altar of Fedhas.
   175 | D        | Found an opulent altar of Gozag.
   176 | D        | Found a hazy altar of Hepliaklqana.
   177 | D        | Found a viscous altar of Jiyva.
   178 | D        | Found an ancient bone altar of Kikubaaqudgha.
   179 | D        | Found a corrupted altar of Lugonu.
   180 | D        | Found a burning altar of Makhleb.
   181 | D        | Found a sparkling altar of Nemelex Xobeh.
   182 | D        | Found an iron altar of Okawaru.
   183 | D        | Found a stormy altar of Qazlal.
   184 | D        | Found a sacrificial altar of Ru.
   185 | D        | Found a shimmering blue altar of Sif Muna.
   186 | D        | Found a bloodstained altar of Trog.
   187 | D        | Found a hide-covered altar of Uskayaw.
   188 | D        | Found a radiant altar of Vehumet.
   189 | D        | Found an ornate altar of the Wu Jian Council.
   190 | D        | Found a shimmering altar of Xom.
   191 | D        | Found a basalt altar of Yredelemnul.
   192 | D        | Found a glowing silver altar of Zin.
   193 | D        | Found a glowing golden altar of the Shining One.
   201 | D        | Became a worshipper of the Shining One
   252 | D        | Noticed a yak
   252 | D        | Noticed an orc warrior
   252 | D        | Noticed a yak
   252 | D        | Reached * piety under the Shining One
   252 | D        | Noticed a two-headed ogre
   252 | D        | Noticed a two-headed ogre
   254 | D        | Killed a yak
   255 | D        | Reached skill level 10 in Polearms
   255 | D        | Reached XP level 5. HP: 55/55 MP: 4/4
   255 | D        | Reached XP level 6. HP: 62/62 MP: 5/5
   258 | D        | Killed an orc warrior
   259 | D        | Reached skill level 11 in Polearms
   266 | D        | Killed a yak
   267 | D        | Reached skill level 12 in Polearms
   267 | D        | Reached XP level 7. HP: 40/71 MP: 6/6
   273 | D        | Killed a two-headed ogre
   274 | D        | Reached skill level 15 in Polearms
   274 | D        | Reached XP level 8. HP: 48/82 MP: 7/7
   276 | D        | Killed a two-headed ogre
   277 | D        | Reached skill level 16 in Polearms
   436 | D        | Noticed a centaur warrior
   436 | D        | Noticed a centaur warrior
   436 | D        | Reached ** piety under the Shining One
   436 | D        | Noticed a boulder beetle
   436 | D        | Noticed a catoblepas
   441 | D        | Killed a centaur warrior
   442 | D        | Reached skill level 17 in Polearms
   442 | D        | Reached XP level 9. HP: 57/93 MP: 8/8
   444 | D        | Killed a centaur warrior
   445 | D        | Reached skill level 18 in Polearms
   451 | D        | Killed a boulder beetle
   465 | D        | Killed a catoblepas
   466 | D        | Reached skill level 19 in Polearms
   466 | D        | Reached XP level 10. HP: 31/104 MP: 9/9
   477 | D        | Reached *** piety under the Shining One
   767 | D        | Noticed a cane toad
   768 | D        | Noticed a death yak
   768 | D        | Reached **** piety under the Shining One
   770 | D        | Noticed a cane toad
   778 | D        | Killed a cane toad
   779 | D        | Reached skill level 15 in Fighting
   779 | D        | Reached skill level 20 in Polearms
   779 | D        | Reached skill level 15 in Armour
   786 | D        | Killed a death yak
   789 | D        | Killed a cane toad
  1010 | D        | Reached ***** piety under the Shining One
  1011 | D        | Noticed a seven-headed hydra
  1016 | D        | Noticed a catoblepas
  1018 | D        | Reached skill level 21 in Polearms
  1030 | D        | Noticed a black mamba
  1051 | D        | HP: 2/107 [18-headed hydra (6)]
  1051 | D        | Slain by an 18-headed hydra

Illustrated notes

Levels and vault maps discovered:
D:        linesprint [early_d, line_temple, items_1, d_10, items_2, lair_1,
          lair_end, items_3, orc_1, orc_end, items_4, d_15, swamp_1, shoals_1,
          snake_1, spider_1, d_20, vaults_1, items_5, swamp_end, shoals_end,
          snake_end, spider_end, vaults_end, d_27, items_6, zot_1, zot_end,
          crypt_end, forest_end, elf_end, slime_end, tomb_end, abyss_end,
          pan_hell_end]

Skill      XL: |  1  2  3  4  5  6  7  8  9 10 |
---------------+-------------------------------+-----
Polearms       | 5 7 10 12 15 17 19 21 | 21.2
Fighting       | 5 6 8 9 11 13 14 15 | 15.7
Armour         | 5 6 8 9 11 13 14 15 | 15.7
Shields        | |  3.6

Action                     |  1- 3 |  4- 6 |  7- 9 | 10-12 || total
---------------------------+-------+-------+-------+-------++-------
  Melee: Trident           |    21 |     8 |       |       ||    29
         Headbutt          |     4 |     5 |     5 |    18 ||    32
         Halberd           |       |    12 |    27 |    53 ||    92
    Use: Potion            |       |     1 |     3 |     2 ||     6
 Armour: Scale mail        |     7 |     1 |       |       ||     8
         Ring mail         |       |     3 |     2 |       ||     5
         Chain mail        |       |       |    18 |    68 ||    86
  Dodge: Dodged            |     3 |     5 |     8 |    21 ||    37
  Block: Buckler           |     4 |       |       |       ||     4
